 Dungeon Crawl Stone Soup version 0.23.1 (webtiles) character file.

Game seed: 5747877821350959158

1442 nikopol the Spear-Bearer (level 8, -11/71 HPs)
             Began as a Minotaur Berserker on Mar 2, 2019.
             Was an Elder of Trog.
             Mangled by an orc warrior
             ... wielding a +0 short sword
              (12 damage)
             ... on level 6 of the Dungeon.
             The game lasted 00:10:32 (4637 turns).

nikopol the Spear-Bearer (Minotaur Berserker)       Turns: 4637, Time: 00:10:33

Health: -11/71     AC:  8    Str: 23    XL:     8   Next: 46%
Magic:  7/7        EV: 12    Int:  4    God:    Trog [****..]
Gold:   332        SH:  0    Dex: 11    Spells: 7/7 levels left

rFire    . . .     SeeInvis .   a - +0 spear
rCold    . . .     Gourm    .   (no shield)
rNeg     . . .     Faith    .   s - +0 scale mail
rPois    .         Spirit   .   n - +0 hat
rElec    .         Reflect  .   (no cloak)
rCorr    .         Harm     .   l - +0 pair of gloves
MR       .....                  (no boots)
Stlth    ..........             (no amulet)
HPRegen  0.21/turn              (no ring)
MPRegen  0.10/turn              (no ring)

@: no status effects
A: retaliatory headbutt, horns 2
a: Berserk, Trog's Hand, Brothers in Arms, Renounce Religion


You were on level 6 of the Dungeon.
You worshipped Trog.
Trog was greatly pleased with you.
You were not hungry.

You visited 1 branch of the dungeon, and saw 6 of its levels.
You also visited: Sewer.

You collected 332 gold pieces.

Inventory:

Hand Weapons
 a - a +0 spear (weapon)
Missiles
 i - 94 arrows
Armour
 b - a +0 animal skin
 l - a +0 pair of gloves (worn)
 n - a +0 hat (worn)
 s - a +0 scale mail (worn)
Jewellery
 k - an uncursed ring of ice {unknown}
 u - a cursed ring of teleportation {unknown}
Wands
 m - a wand of flame (27)
 v - a wand of clouds (8)
 y - a wand of digging (6)
 B - a wand of disintegration (16)
Scrolls
 d - 2 scrolls of random uselessness {unknown}
 f - 2 scrolls of fog
 h - 8 scrolls of teleportation
 p - 3 scrolls of magic mapping
 r - 4 scrolls of enchant weapon {unknown}
 t - 2 scrolls of enchant armour {unknown}
 w - a scroll of silence {unknown}
 x - a scroll of identify
Potions
 e - 2 potions of curing
 g - 4 potions of might {unknown}
 j - 2 potions of flight {unknown}
 o - 2 potions of brilliance {unknown}
 q - 2 potions of heal wounds
 z - a potion of haste {unknown}
 A - a potion of degeneration {unknown}
Comestibles
 c - 13 rations


   Skills:
 + Level 6.8 Fighting
 + Level 8.7 Polearms
 + Level 6.0 Armour
 + Level 5.2 Dodging
 + Level 1.3 Stealth


You had 7 spell levels left.
You didn't know any spells.
Your spell library was empty.

Dungeon Overview and Level Annotations

Branches:
Dungeon (6/15)
 Temple: D:4-7

Altars:
Cheibriados
Fedhas
Vehumet
Wu Jian
Zin
The Shining One

Shops:
D:5 =   D:6 (


Innate Abilities, Weirdness & Mutations

You reflexively headbutt those who attack you in melee.
You have a pair of horns on your head.


Message History

You headbutt the orc warrior, but do no damage.
You closely miss the orc warrior.
The orc warrior is almost dead.
You barely miss the orc warrior.
The orc warrior is almost dead.
The orc warrior closely misses you.
You hit the orc warrior but do no damage.
The orc warrior is almost dead.
The orc warrior hits you with a +0 short sword!
* * * LOW HITPOINT WARNING * * *
You closely miss the orc warrior.
The orc warrior is almost dead.
You hit the orc warrior but do no damage.
The orc warrior is almost dead.
The orc warrior hits you with a +0 short sword!
* * * LOW HITPOINT WARNING * * *
You barely miss the orc warrior.
The orc warrior is almost dead.
The orc warrior hits you with a +0 short sword!
You die...

#.###..#
#......# #.#
######.# #.#
#.# #.# #.#
#.# #.# #.#
#.# #S# # #.#
#o#
.##########.#
#@#
.##.........#
#.#
###.#########
#.# #.#
#######.# #.#
#.......# #.#
#.####### #.#
#.# #.# #.#
#.# #.#


You could see an orc warrior and an adder.

Vanquished Creatures
  Grinder (D:3)
  A black bear (D:6)
  A phantom (D:6)
  2 ogres (D:4)
  A bullfrog (D:6)
  A scorpion (D:4)
  2 howler monkeys
  2 crimson imps
  3 hounds
  A bullfrog skeleton (D:5)
  3 orc wizards
  A centaur skeleton (D:6)
  2 iguanas (D:4)
  4 worker ants
  A howler monkey zombie (D:5)
  2 worker ant zombies
  8 adders
  3 oozes (Sewer)
  An adder zombie (D:5)
  6 worms
  2 dart slugs
  4 leopard geckos
  12 orcs
  18 bats
  3 giant cockroaches
  7 goblins
  9 hobgoblins
  8 jackals
  2 quokkas (D:2)
  3 ball pythons
  A ball python zombie (D:4)
  5 frilled lizards
  A jackal zombie (D:5)
  8 kobolds
  12 rats
141 creatures vanquished.

Notes
Turn   | Place    | Note
-------+----------+-------------------------------------------
     0 | D:1      | nikopol the Minotaur Berserker began the quest for the Orb.
     0 | D:1      | Reached XP level 1. HP: 19/19 MP: 0/0
    92 | D:1      | Reached XP level 2. HP: 23/27 MP: 1/1
   106 | D:1      | Reached skill level 4 in Polearms
   729 | D:2      | Reached XP level 3. HP: 32/33 MP: 2/2
   810 | D:2      | Reached ** piety under Trog
  1049 | D:2      | Found a glowing silver altar of Zin.
  1053 | D:2      | Found a blossoming altar of Fedhas.
  1053 | D:2      | Found a radiant altar of Vehumet.
  1067 | D:2      | Found an ornate altar of the Wu Jian Council.
  1070 | D:2      | Found a glowing golden altar of the Shining One.
  1121 | D:2      | Reached XP level 4. HP: 25/41 MP: 3/3
  1473 | D:3      | Reached skill level 5 in Polearms
  1593 | D:3      | Noticed Grinder
  1603 | D:3      | Killed Grinder
  1603 | D:3      | Reached skill level 5 in Fighting
  1603 | D:3      | Reached XP level 5. HP: 22/48 MP: 4/4
  1603 | D:3      | Reached XP level 6. HP: 25/56 MP: 5/5
  1671 | D:3      | Reached skill level 6 in Polearms
  1894 | D:3      | Found a snail-covered altar of Cheibriados.
  2191 | D:4      | Found a radiant altar of Vehumet.
  2196 | D:4      | Reached *** piety under Trog
  2200 | D:4      | Reached XP level 7. HP: 39/63 MP: 6/6
  2292 | D:4      | Found a glowing drain.
  2296 | Sewer    | Entered a sewer
  3124 | D:4      | Reached skill level 7 in Polearms
  3124 | D:4      | Reached skill level 1 in Stealth
  3483 | D:5      | Entered Level 5 of the Dungeon
  3535 | D:5      | Reached **** piety under Trog
  3730 | D:5      | Found Nibirrul's Jewellery Shoppe.
  3808 | D:5      | Reached skill level 5 in Dodging
  4194 | D:6      | Reached XP level 8. HP: 71/71 MP: 7/7
  4312 | D:6      | Reached skill level 8 in Polearms
  4312 | D:6      | Reached skill level 5 in Armour
  4561 | D:6      | Found Litielef's Weapon Shop.
  4636 | D:6      | HP: 1/71 [orc warrior/+0 short sword (10)]
  4637 | D:6      | Mangled by an orc warrior

Skill      XL: |  1  2  3  4  5  6  7  8 |
---------------+-------------------------+-----
Polearms       | 4 5 6 7 8 |  8.7
Fighting       | 4 5 6 |  6.8
Dodging        | 3 4 5 |  5.2
Armour         | 3 4 6 |  6.0
Stealth        | 1 |  1.3

Action                   |  1- 3 |  4- 6 |  7- 9 || total
-------------------------+-------+-------+-------++-------
Melee: Spear             |    91 |   112 |   304 ||   507
       Headbutt          |    11 |    16 |    50 ||    77
Invok: Berserk           |     1 |     2 |       ||     3
  Use: Scroll            |       |     7 |     3 ||    10
  Eat: Chunk             |     1 |     4 |    10 ||    15
Armor: Animal skin       |     6 |     5 |       ||    11
       Scale mail        |       |     3 |    65 ||    68
Dodge: Dodged            |    34 |    35 |   125 ||   194
